 Dungeon Crawl Stone Soup version 0.24.0-2-g5b39cebb1c (webtiles) character file.

Game seed: 7715990097506761648, levelgen mode: deterministic

2067 Gynju the Thaumaturge (level 9, -1/45 HPs)
             Began as a Deep Elf Fire Elementalist on Oct 30, 2019.
             Killed by nerve-wracking pain
             ... invoked by an orc priest
              (6 damage)
             ... on level 5 of the Dungeon.
             The game lasted 00:12:00 (7246 turns).

Gynju the Thaumaturge (Deep Elf Fire Elementalist)  Turns: 7246, Time: 00:12:01

Health: -1/45      AC:  5    Str:  5    XL:     9   Next: 5%
Magic:  11/23      EV: 17    Int: 24    God:
Gold:   264        SH:  0    Dex: 15    Spells: 16/24 levels left

rFire    . . .     SeeInvis .   u - +2 short sword (elec)
rCold    + . .     Gourm    .   (no shield)
rNeg     . . .     Faith    .   a - +0 robe
rPois    .         Spirit   .   (no helmet)
rElec    .         Reflect  .   (no cloak)
rCorr    .         Harm     .   k - +0 pair of gloves (curse)
MR       .....                  b - +1 pair of boots
Stlth    ++........             (no amulet)
HPRegen  0.15/turn              l - ring of protection from cold
MPRegen  0.18/turn              (no ring)

@: no status effects
A: no striking features
a: no special abilities


You were on level 5 of the Dungeon.
You were not hungry.

You visited 1 branch of the dungeon, and saw 6 of its levels.

You collected 264 gold pieces.

Inventory:

Hand Weapons
 s - a +2 short sword of holy wrath
 u - a +2 short sword of electrocution (weapon)
Armour
 a - a +0 robe (worn)
 b - a +1 pair of boots (worn)
 k - a cursed +0 pair of gloves (worn)
Jewellery
 l - a ring of protection from cold (left hand)
Wands
 p - a wand of random effects (23)
 x - a wand of polymorph (10)
Scrolls
 d - a scroll of enchant weapon
 e - 3 scrolls of remove curse {@r2}
 g - 2 scrolls of teleportation
 h - 2 scrolls of fog
 m - a scroll of identify {@r1}
 o - a scroll of amnesia {unknown}
 y - a scroll of fear {unknown}
Potions
 i - a potion of agility {unknown}
 j - 4 potions of curing {@q1}
 n - 2 potions of cancellation {unknown}
 q - a potion of invisibility {unknown}
 r - a potion of magic {unknown}
 t - a potion of flight {unknown}
 v - 3 potions of degeneration {unknown}
Comestibles
 c - 8 rations


   Skills:
 + Level 7.4 Dodging
 - Level 2.4 Stealth
 + Level 8.3 Spellcasting
 + Level 6.5 Conjurations
 + Level 7.3 Fire Magic


You had 16 spell levels left.
You knew the following spells:

 Your Spells              Type           Power        Failure   Level  Hunger
a - Flame Tongue          Conj/Fire      #####        1%          1    None
b - Conjure Flame         Conj/Fire      #####...     1%          3    None
c - Sticky Flame          Conj/Fire      #####...     3%          4    ##.....

Your spell library contained the following spells:

 Spells                   Type           Power        Failure   Level  Hunger
 Throw Flame              Conj/Fire      #####.       1%          2    None
 Inner Flame              Hex/Fire       ####....     4%          3    None
 Fireball                 Conj/Fire      #####.....   10%         5    ####...


Dungeon Overview and Level Annotations

Branches:
Dungeon (6/15)
 Temple: D:4-7

Altars:
Nemelex Xobeh
Okawaru

Annotations:
D:4 exclusion: orc wizard, Sigmund
D:6 exclusion: orc wizard, Blork the orc, Pikel


Message History

Beogh smites you!
* * * LOW HITPOINT WARNING * * *
Casting: Flame Tongue (safe; 1% risk of failure)
Confirm with . or Enter, or press ? or * to list all spells.
Aiming: Flame Tongue (safe; 1% risk of failure)
Press: ? - help, Shift-Dir - straight line, f/p - slave
Aim: a slave (severely wounded)
The flame tongue misses the slave.
The slave closely misses you. The orc priest barely misses you.
Casting: Flame Tongue (safe; 1% risk of failure)
Confirm with . or Enter, or press ? or * to list all spells.
Aiming: Flame Tongue (safe; 1% risk of failure)
Press: ? - help, Shift-Dir - straight line, f/p - slave
Aim: a slave (severely wounded)
The flame tongue hits the slave but does no damage.
The slave is severely wounded.
The slave barely misses you.
The orc priest calls down the wrath of Beogh upon you.
Pain shoots through your body!
You die...

#)#.# #.#.# #.#.#
#####.#.#
#(....#.#
#.#####.# #c# #.#
################o#
#.#
...............p@#
#.#
#.......##########
#.# #.......# #.#
#.......# #.#
###.##### #.#
.....# #.# .....#
#.# .....# #.#
.....# #.######


You could see a slave, a centaur and an orc priest.

Vanquished Creatures
  A slime creature (D:5)
  Eustachio (D:5)
  Edmund (D:6)
  A sky beast (D:5)
  Duvessa (D:5)
  A slave (D:6)
  An ice beast (D:5)
  A bullfrog (D:5)
  2 big kobolds (D:5)
  Dowan (D:5)
  2 howler monkeys
  4 crimson imps (D:5)
  A hound (D:5)
  8 orc wizards
  An orc priest (D:5)
  5 jellies (D:5)
  2 iguanas (D:4)
  4 worker ants
  A hound zombie (D:5)
  A hound skeleton (D:4)
  3 gnolls (D:2)
  A howler monkey skeleton (D:6)
  9 adders
  A shadow imp (D:5)
  4 oozes (D:5)
  7 dart slugs
  2 leopard geckos (D:3)
  19 orcs
  A ball python (D:2)
  11 bats
  6 giant cockroaches
  7 goblins
  8 hobgoblins (D:1)
  6 jackals
  3 quokkas
  4 frilled lizards
  11 kobolds
  A leopard gecko zombie (D:5)
  A quokka skeleton (D:4)
  9 rats
154 creatures vanquished.

Vanquished Creatures (others)
  8 fungi (D:5)
  6 toadstools (D:5)
14 creatures vanquished.

Grand Total: 168 creatures vanquished

Notes
Turn   | Place    | Note
-------+----------+-------------------------------------------
     0 | D:1      | Gynju the Deep Elf Fire Elementalist began the quest for
                  | the Orb.
     0 | D:1      | Reached XP level 1. HP: 10/10 MP: 6/6
   140 | D:1      | Reached XP level 2. HP: 6/15 MP: 2/8
   896 | D:1      | Reached XP level 3. HP: 19/19 MP: 7/10
   901 | D:1      | Learned a level 3 spell: Conjure Flame
  1003 | D:1      | Found a sparkling altar of Nemelex Xobeh.
  1748 | D:2      | Reached XP level 4. HP: 15/24 MP: 4/11
  1770 | D:1      | Reached skill level 4 in Spellcasting
  2023 | D:2      | Learned a level 4 spell: Sticky Flame
  2721 | D:3      | Reached XP level 5. HP: 28/28 MP: 8/13
  3187 | D:4      | Noticed Sigmund
  3440 | D:5      | Entered Level 5 of the Dungeon
  3541 | D:5      | Reached XP level 6. HP: 14/32 MP: 15/15
  3826 | D:5      | Reached skill level 5 in Spellcasting
  4092 | D:5      | Noticed an ice beast
  4094 | D:5      | Noticed Eustachio
  4115 | D:5      | Killed Eustachio
  4115 | D:5      | Reached skill level 5 in Fire Magic
  4196 | D:5      | Killed an ice beast
  4196 | D:5      | Reached skill level 5 in Dodging
  4196 | D:5      | Reached XP level 7. HP: 33/36 MP: 14/17
  4267 | D:5      | Reached skill level 6 in Spellcasting
  4280 | D:5      | Noticed Duvessa
  4847 | D:4      | Reached skill level 5 in Conjurations
  5115 | D:5      | Reached XP level 8. HP: 41/41 MP: 16/20
  5441 | D:5      | Noticed Dowan
  5465 | D:5      | Killed Dowan
  5465 | D:5      | Reached skill level 7 in Spellcasting
  5478 | D:5      | Killed Duvessa
  5925 | D:5      | Noticed a slime creature
  5939 | D:5      | Killed a slime creature
  6240 | D:5      | Reached skill level 8 in Spellcasting
  6526 | D:6      | Noticed Edmund
  6540 | D:6      | Killed Edmund
  6830 | D:6      | Reached XP level 9. HP: 45/45 MP: 17/23
  6908 | D:6      | Found an iron altar of Okawaru.
  6922 | D:6      | Noticed Pikel
  6943 | D:5      | HP: 2/45 [hound (1)]
  7230 | D:6      | Noticed Blork the orc
  7246 | D:5      | Killed from afar by an orc priest

Levels and vault maps discovered:
D:1:      lemuel_arrival_rhombus, layout_loops_ring,
          nemelex_diamond_rough_becter
D:2:      layout_loops_ring, first_ration
D:3:      layout_loops_ring, minmay_unequal
D:4:      layout_loops_corners, minmay_a_box_with_orc_wizards_in_it,
          uniq_sigmund
D:5:      cheibrodos_fertilizer, layout_basic, st_stairs_12, uniq_duvessa,
          uniq_eustachio
D:6:      layout_cave_pools, kennysheep_mini, uniq_blork_the_orc, uniq_pikel,
          uniq_edmund

Skill      XL: |  1  2  3  4  5  6  7  8 |
---------------+-------------------------+-----
Dodging        | 3 4 5 6 7 |  7.4
Conjurations   | 2 3 4 5 6 |  6.5
Spellcasting   | 4 5 6 8 |  8.3
Fire Magic     | 4 5 6 7 |  7.3
Stealth        | |  2.4

Action                   |  1- 3 |  4- 6 |  7- 9 || total
-------------------------+-------+-------+-------++-------
Melee: Unarmed           |     2 |       |       ||     2
       Short sword       |       |    87 |    28 ||   115
 Cast: Flame Tongue      |    62 |    88 |   214 ||   364
       Conjure Flame     |       |     1 |     5 ||     6
  Use: Scroll            |       |     9 |     1 ||    10
 Stab: Distracted        |       |       |     1 ||     1
  Eat: Chunk             |     2 |     8 |     9 ||    19
Armor: Robe              |     2 |    33 |    15 ||    50
Dodge: Dodged            |    11 |    74 |   122 ||   207
